 Dungeon Crawl Stone Soup version 0.29-a0-1009-g60c99734e7 (webtiles) character file.

Game seed: 18255952982007589255

274 leavemydog the Conjurer (level 6, -1/32 HPs)
             Began as a Deep Elf Conjurer on Aug 8, 2022.
             Slain by a killer bee (7 damage)
             ... on level 4 of the Dungeon.
             The game lasted 00:04:56 (3223 turns).

leavemydog the Conjurer (Deep Elf Conjurer)         Turns: 3223, Time: 00:04:57

Health: -1/32      AC:  3    Str:  6    XL:     6   Next: 3%
Magic:  14/25      EV: 12    Int: 23    God:
Gold:   130        SH:  0    Dex: 13    Spells: 9/16 levels left

rFire   . . .      SeeInvis .   o - +0 short sword
rCold   . . .      Faith    .   (no shield)
rNeg    . . .      Spirit   .   a - +0 robe
rPois   .          Reflect  .   f - +0 helmet
rElec   .          Harm     .   (no cloak)
rCorr   .          Rampage  .   (no gloves)
Will    .....                   (no boots)
Stlth   ++........              (no amulet)
HPRegen 0.10/turn               j - ring of magical power
MPRegen 0.19/turn               (no ring)

@: lethally poisoned (-1 -> -7)
A: no striking features
a: no special abilities


You were on level 4 of the Dungeon.
You visited 1 branch of the dungeon, and saw 4 of its levels.

You collected 130 gold pieces.

Inventory:

Hand Weapons
 o - a +0 short sword (weapon)
Missiles
 g - 10 poisoned darts
Armour
 a - a +0 robe (worn)
 f - a +0 helmet (worn)
Jewellery
 j - a ring of magical power (left hand)
 l - a ring of poison resistance
 n - an amulet of faith
 v - a ring of positive energy
Scrolls
 e - a scroll of vulnerability {unknown}
 h - a scroll of summoning {unknown}
 k - 2 scrolls of teleportation {unknown}
 m - 2 scrolls of fear
 p - 2 scrolls of identify {unknown}
 t - a scroll of immolation {unknown}
 u - a scroll of blinking {unknown}
Potions
 b - a potion of magic
 c - a potion of heal wounds {unknown}
 d - 2 potions of ambrosia {unknown}
 i - 2 potions of lignification {unknown}
 q - 3 potions of might {unknown}
 r - a potion of curing {unknown}
 s - 3 potions of flight {unknown}
 w - a potion of attraction {unknown}


   Skills:
 - Level 2.4 Dodging
 - Level 2.4 Stealth
 + Level 5.6 Spellcasting
 + Level 6.6 Conjurations
 * Level 1.6 Translocations


You had 9 spell levels left.
You knew the following spells:

 Your Spells              Type           Power      Damage    Failure   Level
a - Magic Dart            Conj           100%       1d8       1%          1
b - Searing Ray           Conj           72%        2d7       1%          2
c - Iskenderun's Mystic   Conj/Tloc      25%        2d7       16%         4

Your spell library contained the following spells:

 Spells                   Type           Power      Damage    Failure   Level
 Static Discharge         Conj/Air       21%        3-6/arc   3%          2
 Dazzling Flash           Conj/Hex       42%        N/A       7%          3
 Fulminant Prism          Conj/Hex       10%        3d9       22%         4
 Lightning Bolt           Conj/Air       10%        1d23      54%         5
 Maxwell's Capacitive Co  Air            3%         ∞         100%        8


Dungeon Overview and Level Annotations

Branches:
Dungeon (4/15)
 Temple: D:4-7

Altars:
Uskayaw


Message History

The searing ray hits the killer bee.
The killer bee is almost dead.
The killer bee stings you!
The killer bee stings you but does no damage.
The searing ray hits the killer bee!
The killer bee is almost dead.
The searing ray misses the killer bee.
The killer bee barely misses you. The killer bee stings you.
The searing ray misses the killer bee.
The searing ray hits the killer bee!
You kill the killer bee!
You finish channelling your searing ray.
You hear an angry buzzing noise.
The killer bee stings you but does no damage.
A killer bee comes into view.
The killer bee stings you.
The killer bee moves out of view.
Your Spellcasting skill increases to level 5!
Your Translocations skill increases to level 1!
Casting: Searing Ray (safe; 1% risk of failure)
Confirm with . or Enter, or press ? or * to list all spells.
Aiming: Searing Ray (safe; 1% risk of failure)
Press: ? - help, Shift-Dir - straight line, f - killer bee
Aim: a killer bee (almost dead, 61% to hit)
The searing ray hits the killer bee!
You kill the killer bee!
The searing ray hits the killer bee.
You kill the killer bee! (Press . to maintain the ray.)
You hear an angry buzzing noise. x2
You have reached level 6!
The killer bee completely misses you.
The searing ray misses the killer bee.
The killer bee stings you.
You are poisoned.
The killer bee poisons you! The killer bee stings you!
* * * LOW HITPOINT WARNING * * *
The searing ray hits the killer bee!
The killer bee is heavily wounded.
You finish channelling your searing ray.
* * * LOW HITPOINT WARNING * * *
You feel sick. The killer bee stings you!
You die...

###
#@#
#y#
.†#
####


You could see a killer bee.

Vanquished Creatures
  3 killer bees (D:4)
  7 gnolls
  An adder (D:2)
  2 worms
  4 endoplasms
  3 giant cockroaches (D:2)
  8 goblins
  3 hobgoblins
  4 jackals (D:2)
  11 kobolds
  A quokka (D:1)
  6 ball pythons
  6 bats
  2 frilled lizards (D:1)
  7 rats
68 creatures vanquished.

Notes
Turn   | Place    | Note
-------+----------+-------------------------------------------
     0 | D:1      | leavemydog the Deep Elf Conjurer began the quest for the
                  | Orb.
     0 | D:1      | Reached XP level 1. HP: 10/10 MP: 6/6
   231 | D:1      | Reached XP level 2. HP: 15/15 MP: 5/8
   240 | D:1      | Reached skill level 5 in Conjurations
   475 | D:1      | Learned a level 2 spell: Searing Ray
  1013 | D:2      | Reached XP level 3. HP: 19/19 MP: 9/9
  1957 | D:2      | Reached XP level 4. HP: 24/24 MP: 11/11
  2164 | D:2      | Reached skill level 6 in Conjurations
  2250 | D:2      | Learned a level 4 spell: Iskenderun's Mystic Blast
  2537 | D:3      | Found a hide-covered altar of Uskayaw.
  2748 | D:3      | Reached XP level 5. HP: 28/28 MP: 10/14
  3220 | D:4      | Reached skill level 5 in Spellcasting
  3220 | D:4      | Reached skill level 1 in Translocations
  3221 | D:4      | Reached XP level 6. HP: 16/32 MP: 16/16
  3223 | D:4      | Slain by a killer bee

Illustrated notes

Levels and vault maps discovered:
D:1:      spicycebolla_green_bress_n_ham, layout_loops_ring, minmay_octomino_j4
D:2:      layout_basic, chequers_serial_rivers_large_a, minmay_tiny_reverse_x
D:3:      layout_basic, nicolae_uskayaw_suspiria
D:4:      layout_basic, hex_large, uniq_grinder, uniq_pikel,
          uniq_crazy_yiuf_cottage

Skill      XL: |  1  2  3  4  5 |
---------------+----------------+-----
Conjurations   | 5 6 |  6.6
Spellcasting   | 4 5 |  5.6
Translocations | 1 |  1.6
Dodging        | |  2.4
Stealth        | |  2.4

Action                   |  1- 3 |  4- 6 || total
-------------------------+-------+-------++-------
 Cast: Magic Dart        |    87 |    24 ||   111
       Searing Ray       |     1 |     4 ||     5
  Use: Scroll            |     1 |       ||     1
Armor: Robe              |     4 |     2 ||     6
Dodge: Dodged            |    14 |     3 ||    17

Table legend: (Time is in decaauts)
 A = Elapsed time spent in this place.
 B = Non-inter-level travel time spent in this place.
 C = Inter-level travel time spent in this place.
 D = Time resting spent in this place.
 E = Time spent auto-exploring this place.
 F = Levels seen in this place.
 G = Mean time per level.
                   A        B        C        D        E       F      G
               +--------+--------+--------+--------+--------+-----+--------+
         Total |   3236 |   3077 |    159 |    404 |   2391 |   4 |  809.0 |
       Dungeon |   3236 |   3077 |    159 |    404 |   2391 |   4 |  809.0 |
               +--------+--------+--------+--------+--------+-----+--------+

Top non-repeatable levels by time:
     D:2: 1320 daAuts
     D:1: 1010 daAuts
     D:3: 897 daAuts
     D:4: 7 daAuts
